 Dungeon Crawl Stone Soup version 0.17-a0-1591-g7a45446 (webtiles) character file.

119111 urechis the Shatterer (level 16, -1/170 HPs)
             Began as an Ogre Fighter on July 29, 2015.
             Was the Champion of Okawaru.
             Splashed by a caustic shrike's acid (8 damage)
             ... on level 2 of the Depths.
             The game lasted 01:58:04 (31671 turns).

urechis the Shatterer (Ogre Fighter)               Turns: 31671, Time: 01:58:04

Health: -1/170     AC: 11    Str: 36    XL:     16   Next: 78%
Magic:  0/16       EV: 17    Int: 14    God:    Okawaru [******]
Gold:   1897       SH: 26    Dex: 16    Spells: 0 memorised, 15 levels left

rFire  + + +     SeeInvis +     J - +1 morningstar "Tit Esmaqab" {freeze, Str+5}
rCold  . . .     Clarity  .     j - +0 fire dragon armour
rNeg   . . .     SustAt   .     d - +2 large shield {AC+3}
rPois  +         Gourm    .     q - +2 hat {Int+3}
rElec  +         Spirit   +     z - +1 cloak {rPois}
rCorr  .         Warding  .     (gloves unavailable)
rMut   .         Stasis   .     (boots unavailable)
MR     ++...                    b - amulet "Zapug" {Spirit rElec Int+4 Dex+3}
Stlth  ++........               N - ring "Mekoha" {EV+4 Str+5 SInv}
                                T - ring "Wed Bawa" {rF+ rC+ MR+ AC+5 Stlth+}

@: heroism, corroded equipment, very resistant to hostile enchantments,
unstealthy
A: unfitting armour, tough skin 1, no device heal 1
a: Heroism, Finesse, Renounce Religion


You were on level 2 of the Depths.
You worshipped Okawaru.
Okawaru was exalted by your worship.
You were hungry.

You visited 4 branches of the dungeon, and saw 26 of its levels.
You also visited: Labyrinth.

You collected 1897 gold pieces.

Inventory:

Hand weapons
 a - a +4 giant spiked club
 J - the +1 morningstar "Tit Esmaqab" (weapon) {freeze, Str+5}
   (Okawaru gifted it to you on level 5 of the Lair of Beasts)

   It has been specially enchanted to freeze those struck by it, causing extra
   injury to most foes and up to half again as much damage against particularly
   susceptible opponents.
   It can also slow down cold-blooded creatures.
   It affects your strength (+5).
Missiles
 l - 23 large rocks (quivered)
Armour
 d - a +2 large shield of protection (worn)
 j - a +0 fire dragon armour (worn)
 q - a +2 hat of intelligence (worn)
 z - a +1 cloak of poison resistance (worn)
 X - a +1 shield of reflection
Jewellery
 b - the amulet "Zapug" (around neck) {Spirit rElec Int+4 Dex+3}
   (You found it on level 7 of the Lair of Beasts)

   [amulet of guardian spirit]

   It causes incoming damage to be split between your health and magic.
   It affects your intelligence (+4).
   It affects your dexterity (+3).
   It insulates you from electricity.
 N - the ring "Mekoha" (right hand) {EV+4 Str+5 SInv}
   (You found it in a labyrinth)

   [ring of evasion]

   It affects your evasion (+4).
   It affects your strength (+5).
   It lets you see invisible.
 T - the ring "Wed Bawa" (left hand) {rF+ rC+ MR+ AC+5 Stlth+}
   (You found it on level 5 of the Lair of Beasts)

   [ring of protection]

   It affects your AC (+5).
   It protects you from fire.
   It protects you from cold.
   It affects your resistance to hostile enchantments.
   It makes you more stealthy.
Magical devices
 r - a wand of digging (11)
 W - a wand of disintegration (16)
Scrolls
 f - 15 scrolls of remove curse
 i - 10 scrolls of recharging
 n - 3 scrolls of enchant armour
 o - 8 scrolls of immolation
 C - 3 scrolls of magic mapping
 G - 4 scrolls of blinking
 O - 4 scrolls of teleportation
Potions
 c - a potion of invisibility {unknown}
 g - 2 potions of might
 h - a potion of cure mutation {unknown}
 k - 2 potions of flight
 p - 8 potions of curing
 t - 4 potions of lignification
 A - 2 potions of heal wounds
 B - a potion of resistance {unknown}
 D - 5 potions of haste
 E - a potion of berserk rage {unknown}
 I - 2 potions of cancellation
 K - 3 potions of ambrosia
 P - 3 potions of agility
 S - a potion of magic {unknown}
Comestibles
 e - 7 bread rations
 m - 16 meat rations
 s - 2 chunks of flesh
 F - 24 royal jellies
 L - 4 slices of pizza


   Skills:
 - Level 13.3(18.3) Fighting
 - Level 24.0(27) Maces & Flails
 + Level 10.2(15.2) Throwing
 - Level 10.0(15.0) Armour
 - Level 2.6(7.6) Dodging
 + Level 11.0(16.0) Shields


You had 15 spell levels left.
You didn't know any spells.

Dungeon Overview and Level Annotations

Branches:
Dungeon (15/15)            Temple (1/1) D:5            Lair (8/8) D:9
 Shoals (0/4) Lair:6        Snake (0/4) Lair:5        Slime (0/6) Lair:6
    Orc (0/4) D:10         Vaults (0/5) D:13         Depths (2/5) D:15

Altars:
Ashenzari
Cheibriados
Dithmenos
Elyvilon
Fedhas
Gozag
Kikubaaqudgha
Makhleb
Nemelex Xobeh
Okawaru
Qazlal
Ru
Sif Muna
Trog
Vehumet
Xom
Yredelemnul
Zin
The Shining One
Jiyva
Lugonu

Shops:
D:8 [   D:11 [

Portals:
Hell: Depths:1

Annotations:
Lair:8 exclusion: oklob plant


Innate Abilities, Weirdness & Mutations

You are too large for most types of armour.
You have tough skin (AC +1).
Potions and wands are less effective at restoring your health.


Message History

* * * LOW HITPOINT WARNING * * *
You hit the caustic shrike but do no damage.
The caustic shrike is almost dead.
The caustic shrike claws you!!
* * * LOW HITPOINT WARNING * * *
You are splashed with acid!
The acid corrodes you!
The acid burns!
* * * LOW HITPOINT WARNING * * *
The caustic shrike claws you but does no damage.
Drink which item? (? for menu, Esc to quit)
You feel much better. You block the caustic shrike's attack.
The caustic shrike claws you!
* * * LOW HITPOINT WARNING * * *
You are splashed with acid!
The acid burns!
* * * LOW HITPOINT WARNING * * *
You block the caustic shrike's attack. You block the caustic shrike's attack.
The caustic shrike claws you!
* * * LOW HITPOINT WARNING * * *
You are splashed with acid!
The acid burns!
You die...

#.# .# #.# .# #.# #.. #.#
#.# #### #.# #.# #....
####.# #.##..... #
..#)#####......# #.
#.#.#.........# ..
##.##.#@#.###.(..###..#
+.....Qb#..#..........#
##........#..).#......#
####C####....##......#
.#####c###....###......#
ยง........((.CQ..........#
...######...(#)......#.
#....##......##
#....###...[!##


You could see a caustic shrike, a frost giant, a tengu reaver and a centaur
warrior.

Vanquished Creatures
  A titan (Depths:2)
  A fire giant (Depths:1)
  2 frost giants
  Maud (D:13)
  A caustic shrike zombie (Depths:1)
  The ghost of Eleanoora the Fencer, a powerful HuAs of Makhleb (Lair:7)
  3 very ugly things (Depths:1)
  4 stone giants (Depths:1)
  An ettin (Depths:2)
  Snorg (Lair:4)
  The ghost of 4thArraOfDagon the Bludgeoner, a powerful OgHu of Okawaru (D:15)
  4 fire dragons
  A yaktaur captain (D:15)
  A minotaur (Lab)
  3 jiangshi (Depths:1)
  Erolcha (D:8)
  An entropy weaver (Depths:1)
  5 hydras
  An ice dragon (Depths:1)
  A quicksilver dragon skeleton (Depths:1)
  4 centaur warriors
  An ogre mage (D:14)
  A great orb of eyes (Depths:1)
  A deep troll earth mage (D:12)
  A vampire mage (Depths:1)
  2 death yaks (Lair:5)
  A tengu warrior (D:13)
  2 spriggan berserkers
  Nergalle (Lair:3)
  7 hell knights (Depths:2)
  3 unseen horrors
  An ice statue (D:11)
  Pikel (D:9)
  5 hill giants
  5 necromancers
  2 griffons
  8 ugly things
  A salamander (Depths:1)
  A manticore (D:11)
  11 elephants
  5 black mambas
  3 cyclopes
  Joseph (D:7)
  A torpor snail (Lair:5)
  A smoke demon (Depths:1)
  18 spiny frogs
  A gargoyle (D:12)
  A spiny frog (shapeshifter) (Depths:1)
  A yaktaur (D:15)
  11 komodo dragons
  2 efreet (D:14)
  A hellwing (Depths:1)
  A yaktaur skeleton (Depths:1)
  3 trolls
  A red devil (Depths:1)
  2 fire drakes (Lair:8)
  9 polar bears
  17 blink frogs
  4 raiju (Lair:8)
  9 slime creatures
  A snapping turtle (Lair:6)
  3 two-headed ogres
  A trapdoor spider zombie (D:12)
  A spriggan (Lair:6)
  A trapdoor spider (Lab)
  A water elemental (D:14)
  2 redbacks (Depths:1)
  2 deep elf magi
  A vampire (D:14)
  A wraith (D:14)
  A fire dragon skeleton (Depths:1)
  A wyvern (D:13)
  4 steam dragons
  3 basilisks
  76 yaks
  3 shadows (D:14)
  5 mottled dragons
  2 hungry ghosts (D:12)
  11 hippogriffs
  2 humans (shapeshifter) (Depths:1)
  12 wolves
  Menkaure (D:7)
  3 nagas (Lair:5)
  6 vampire mosquitoes
  11 water moccasins
  2 hell hounds (Lair:8)
  2 soldier ants
  7 wargs (Lair:8)
  6 orc warriors
  A swamp drake (Lair:8)
  4 sky beasts
  3 ice beasts
  15 black bears
  4 slaves (D:9)
  A wasp (D:10)
  10 porcupines
  3 necrophages
  9 phantoms
  An eye of draining (D:11)
  8 centaurs
  18 crocodiles
  3 boggarts (D:15)
  4 ogres
  A gnoll sergeant (D:9)
  A brain worm (Lair:6)
  An earth elemental (Lab)
  12 giant frogs
  A wyvern skeleton (D:13)
  3 scorpions
  12 killer bees
  A troll skeleton (Lab)
  4 electric eels
  2 quasits
  9 wights
  3 giant frog zombies
  8 crimson imps
  7 jellies
  5 centaur zombies
  9 orc priests
  2 centaur skeletons
  14 orc wizards
  3 giant frog skeletons
  20 hounds
  13 iguanas
  10 worker ants
  33 sheep
  An ogre skeleton (Lab)
  2 hound skeletons
  2 hound zombies
  3 worker ant zombies
  Robin (D:2)
  12 adders
  6 gnolls
  53 river rats
  2 shadow imps
  5 oozes (D:10)
  3 adder skeletons
  3 worms
  57 orcs
  19 bats
  A bat skeleton (D:7)
  A bat zombie (D:8)
  6 giant cockroaches
  30 goblins
  17 hobgoblins
  17 jackals
  19 kobolds
  4 quokkas
  11 giant geckos
  A giant gecko skeleton (D:4)
  5 giant newts
  14 rats
  A bush (Lair:3)
  A butterfly (Lair:7)
  2 plants
915 creatures vanquished.

Vanquished Creatures (others)
  A water elemental (Depths:2)
  A centaur (D:13)
  An adder (D:4)
  A goblin (D:4)
  2 hobgoblins
  A giant cockroach (D:4)
  14 fungi
  11 plants
32 creatures vanquished.

Grand Total: 947 creatures vanquished

Notes
Turn   | Place    | Note
--------------------------------------------------------------
     0 | D:1      | urechis the Ogre Fighter began the quest for the Orb.
     0 | D:1      | Reached XP level 1. HP: 24/24 MP: 1/1
   167 | D:1      | Reached XP level 2. HP: 25/33 MP: 2/2
   803 | D:2      | Reached XP level 3. HP: 38/40 MP: 3/3
   825 | D:2      | Found an iron altar of Okawaru.
   946 | D:2      | Reached XP level 4. HP: 23/49 MP: 4/4
  1335 | D:2      | Reached skill level 5 in Fighting
  1489 | D:2      | Reached skill level 5 in Maces & Flails
  1754 | D:3      | Noticed Robin
  2005 | D:2      | Killed Robin
  2237 | D:3      | Reached XP level 5. HP: 55/57 MP: 5/5
  2337 | D:3      | Reached skill level 6 in Maces & Flails
  2364 | D:3      | Found a white marble altar of Elyvilon.
  2706 | D:3      | Reached XP level 6. HP: 67/67 MP: 6/6
  3109 | D:4      | Reached skill level 7 in Maces & Flails
  3582 | D:4      | Found a shimmering altar of Xom.
  3828 | D:5      | Entered Level 5 of the Dungeon
  3831 | D:5      | Reached skill level 8 in Maces & Flails
  3831 | D:5      | Reached XP level 7. HP: 62/76 MP: 7/7
  4095 | D:5      | Found a staircase to the Ecumenical Temple.
  4186 | Temple   | Entered the Ecumenical Temple
  4476 | D:2      | Became a worshipper of Warmaster Okawaru
  5004 | D:5      | Reached skill level 9 in Maces & Flails
  5403 | D:6      | Reached XP level 8. HP: 76/88 MP: 8/8
  5459 | D:6      | Reached skill level 10 in Maces & Flails
  5526 | D:6      | You fall through a shaft!
  5857 | D:6      | Acquired Okawaru's first power
  6078 | D:6      | Reached skill level 11 in Maces & Flails
  6643 | D:6      | Got a bloodstained mace
  6644 | D:6      | Identified the +3 mace of Hycoalya {speed, MR+} (You found it on level 6 of the Dungeon)
  6668 | D:6      | Reached XP level 9. HP: 83/98 MP: 9/9
  6777 | D:6      | Found a sacrificial altar of Ru.
  6870 | D:6      | Reached skill level 12 in Maces & Flails
  7125 | D:7      | Noticed a troll
  7445 | D:7      | Reached skill level 10 in Fighting
  7553 | D:7      | Killed a troll
  7643 | D:7      | Reached skill level 13 in Maces & Flails
  7655 | D:7      | Noticed Menkaure
  7661 | D:7      | Killed Menkaure
  7675 | D:7      | Noticed Joseph
  7697 | D:7      | Killed Joseph
  8107 | D:8      | Reached skill level 14 in Maces & Flails
  8460 | D:8      | Reached XP level 10. HP: 83/109 MP: 10/10
  8725 | D:8      | Noticed Erolcha
  8761 | D:8      | Killed Erolcha
  8761 | D:8      | Reached skill level 5 in Shields
  9725 | D:8      | Found Funk's Antique Armour Shop.
 10518 | D:9      | Found a staircase to the Lair.
 10522 | D:9      | Noticed an elephant
 10555 | D:9      | Killed an elephant
 10652 | D:9      | Reached XP level 11. HP: 115/119 MP: 11/11
 10693 | D:9      | Noticed Pikel
 10751 | D:8      | Acquired Okawaru's second power
 12110 | D:9      | Found a burning altar of Makhleb.
 12177 | D:9      | Killed Pikel
 12180 | D:9      | Found a glowing golden altar of the Shining One.
 12262 | D:10     | Entered Level 10 of the Dungeon
 12383 | D:10     | Reached skill level 15 in Maces & Flails
 12738 | D:10     | Found a staircase to the Orcish Mines.
 12802 | D:10     | Killed an unseen horror
 12802 | D:10     | Received a gift from Okawaru
 13414 | D:11     | HP: 6/123 [something (11)]
 13416 | D:11     | HP: 2/184 [something (2)]
 13425 | D:11     | HP: 6/184 [something (7)]
 13429 | D:11     | Killed an unseen horror
 13973 | D:11     | Reached skill level 16 in Maces & Flails
 14082 | D:11     | Found a frozen archway.
 14082 | D:11     | Noticed an ice statue
 14450 | D:11     | Found Roquam's Armour Shop.
 14568 | D:11     | Reached XP level 12. HP: 124/133 MP: 12/12
 14689 | D:11     | Noticed a four-headed hydra
 14971 | D:11     | Noticed a hill giant
 14990 | D:11     | Killed a hill giant
 15330 | Lair:1   | Entered Level 1 of the Lair of Beasts
 16278 | Lair:1   | Reached skill level 10 in Shields
 16722 | Lair:2   | Received a gift from Okawaru
 17205 | Lair:2   | Reached skill level 1 in Armour
 17702 | Lair:3   | Noticed Nergalle
 17721 | Lair:3   | Killed Nergalle
 17724 | Lair:3   | Reached skill level 17 in Maces & Flails
 17906 | Lair:3   | Got a clouded ivory ring
 17907 | Lair:3   | Identified the ring "Yclir" {-Tele rN+ Str+2 SInv} (You found it on level 3 of the Lair of Beasts)
 18680 | Lair:4   | Reached XP level 13. HP: 91/144 MP: 13/13
 18828 | Lair:4   | Noticed Snorg
 18842 | Lair:4   | Killed Snorg
 19081 | Lair:4   | Got a brightly glowing war axe
 19082 | Lair:4   | Identified the +6 war axe of Defence by Offence {holy, *Contam rF+ MR+ Str+3} (You found it on level 4 of the Lair of Beasts)
 19103 | Lair:4   | Gained mutation: Potions and wands are less effective at restoring your health. [mutagenic glow]
 19209 | Lair:4   | Noticed a six-headed hydra
 19216 | Lair:4   | Killed a six-headed hydra
 19513 | Lair:5   | Got a vibrating lapis lazuli ring
 19515 | Lair:5   | Identified the ring "Wed Bawa" {rF+ rC+ MR+ AC+5 Stlth+} (You found it on level 5 of the Lair of Beasts)
 19535 | Lair:5   | Reached skill level 18 in Maces & Flails
 19535 | Lair:5   | Reached skill level 5 in Armour
 19920 | Lair:5   | Received a gift from Okawaru
 19921 | Lair:5   | Got an ichor-stained morningstar {god gift}
 19922 | Lair:5   | Identified the +1 morningstar "Tit Esmaqab" {freeze, Str+5} (Okawaru gifted it to you on level 5 of the Lair of Beasts)
 20274 | Lair:5   | Found a staircase to the Snake Pit.
 20927 | Lair:6   | Found a viscous altar of Jiyva.
 20928 | Lair:6   | Found a staircase to the Slime Pits.
 20975 | Lair:6   | Reached skill level 19 in Maces & Flails
 21680 | Lair:6   | Found a staircase to the Shoals.
 21833 | Lair:6   | Reached XP level 14. HP: 144/153 MP: 14/14
 21870 | Lair:7   | Received a gift from Okawaru
 22006 | Lair:7   | Noticed Eleanoora's ghost (powerful HuAs)
 22062 | Lair:7   | Killed Eleanoora's ghost
 22183 | Lair:7   | Got a serpentine granite ring
 22191 | Lair:7   | Identified the ring "Kannoic" {Str+2 Dex+4} (You found it on level 7 of the Lair of Beasts)
 22215 | Lair:7   | Got a transparent graven amulet
 22216 | Lair:7   | Identified the amulet "Zapug" {Spirit rElec Int+4 Dex+3} (You found it on level 7 of the Lair of Beasts)
 22710 | Lair:8   | Entered Level 8 of the Lair of Beasts
 22720 | Lair:8   | Reached skill level 20 in Maces & Flails
 22781 | Lair:8   | Received a gift from Okawaru
 23603 | Lair:8   | Found a shimmering altar of Xom.
 24643 | D:11     | Killed an ice statue
 24643 | D:11     | Reached skill level 21 in Maces & Flails
 25078 | D:12     | Received a gift from Okawaru
 25156 | D:12     | Reached XP level 15. HP: 154/161 MP: 15/15
 25233 | D:12     | Got a fine flail
 25236 | D:12     | Identified the cursed +1 flail of Linearity {speed, rC+ Str-5 Int+2 Stlth+} (You found it on level 12 of the Dungeon)
 25326 | D:12     | Reached skill level 10 in Armour
 25948 | D:13     | Found a labyrinth entrance.
 25976 | Lab      | Entered a labyrinth
 26304 | Lab      | Found an exit through the horrors of the Abyss.
 26333 | Lab      | Got a translucent granite ring
 26602 | Lab      | Reached skill level 1 in Throwing
 26632 | D:13     | Identified the ring "Mekoha" {EV+4 Str+5 SInv} (You found it in a labyrinth)
 26954 | D:13     | Noticed Maud
 26991 | D:13     | Killed Maud
 27338 | D:13     | Found a gate to the Vaults.
 27740 | D:14     | Reached skill level 5 in Throwing
 27812 | D:14     | Found a deep blue altar of Sif Muna.
 27951 | D:14     | Reached skill level 22 in Maces & Flails
 28400 | D:14     | Received a gift from Okawaru
 28513 | D:15     | Entered Level 15 of the Dungeon
 28586 | D:15     | Noticed 4thArraOfDagon's ghost (powerful OgHu)
 28601 | D:15     | Killed 4thArraOfDagon's ghost
 29005 | D:15     | Found a staircase to the Depths.
 29257 | Depths:1 | Entered Level 1 of the Depths
 29286 | Depths:1 | Noticed a fire giant
 29306 | Depths:1 | Killed a fire giant
 29518 | Depths:1 | Reached XP level 16. HP: 170/170 MP: 16/16
 29660 | Depths:1 | Found a gateway to Hell.
 29708 | Depths:1 | Noticed a frost giant
 29718 | Depths:1 | Killed a frost giant
 30034 | Depths:1 | Received a gift from Okawaru
 30554 | Depths:1 | Reached skill level 23 in Maces & Flails
 30609 | Depths:1 | Found a corrupted altar of Lugonu.
 31509 | Depths:2 | Noticed a titan
 31585 | Depths:2 | Killed a titan
 31585 | Depths:2 | Reached skill level 24 in Maces & Flails
 31585 | Depths:2 | Reached skill level 10 in Throwing
 31639 | Depths:2 | Noticed a caustic shrike
 31667 | Depths:2 | HP: 8/170 [acid (8)]
 31671 | Depths:2 | Splashed by a caustic shrike's acid

Vault maps used:
D:1:      sevenhm_arrival_forest_fort_small_5
D:2:      first_bread, serial_park_tiny_2, minivault_23, okawaru_trees_2
D:3:      elyvilon_altar_3, uniq_robin
D:4:      lemuel_upstairs_altar, xom_confusion_cloud
D:5:      minmay_temple_entry_statues, minivault_4
D:6:      nicolae_ru_great_annihilating_truth
D:7:      minmay_misc_feat_roman, uniq_joseph, uniq_menkaure
D:8:      serial_shops, shop, uniq_erolcha
D:9:      lemuel_crystal_altar, kennysheep_little_box, david_lair_generic,
          uniq_pikel
D:10:     orc_0_dummy, enter_bailey_3, hangedman_little_slice_of_home
D:11:     serial_shops, shop, portal_ice_cave_entry_ice_statue_01
D:12:     kennysheep_just_a_vault
D:13:     david_vaults_1, lab_entry_generic, kennysheep_small_spiral, uniq_maud
D:14:     kennysheep_cross_landing, basic_altar
D:15:     grunt_enter_depths_snipers, serial_park_paths
Temple:   nicolae_temple_elliptical
Lair:3:   minmay_hedge_maze, uniq_nergalle
Lair:4:   uniq_snorg
Lair:5:   minmay_snake_entry_guardpost_small, serial_bayou_crossing
Lair:6:   minmay_shoals_entry_hut, slime_altar_1
Lair:7:   grunt_forest_large_clearing_hut, lemuel_fruit_fields
Lair:8:   hangedman_lair_caniforms_friends, guppyfry_lair_end_dragon,
          st_stairs_4, lemuel_oklob_altar, infiniplex_staircase_pool
Depths:1: hellmouth_1, serial_sigils_hangedman_carve, tgw_lugonu_bribe,
          serial_bayou_shore_b
Depths:2: minmay_outward_triangles, grunt_hell_entry_dis_old, hex_intersection,
          serial_shops, shop, lemuel_freeze_loot_1,
          infiniplex_staircase_zigzag_2, serial_bayou_shore_a,
          serial_bayou_shore_b
Lab:      labyrinth_spiral, lab_hedge, labyrinth_skeletal_remains,
          nicolae_lab_flowing_pool, labyrinth_fake_exit, nicolae_lab_statue,
          nicolae_lab_starburst

Action                   |  1- 3 |  4- 6 |  7- 9 | 10-12 | 13-15 | 16-18 || total
-------------------------+-------+-------+-------+-------+-------+-------++-------
Melee: Flail             |    72 |   203 |     6 |       |       |       ||   281
       Morningstar       |       |       |   176 |       |  1371 |   253 ||  1800
       Giant club        |       |       |    18 |       |       |       ||    18
       Mace              |       |       |   207 |  1086 |       |       ||  1293
       Giant spiked club |       |       |       |   100 |   106 |       ||   206
 Fire: Hunting sling     |    17 |   118 |    29 |     5 |       |       ||   169
       Shortbow          |       |       |    14 |       |       |       ||    14
       Blowgun           |       |       |       |    35 |       |       ||    35
Throw: Tomahawk          |       |       |     6 |     6 |     5 |       ||    17
       Large rock        |       |       |       |       |     7 |    26 ||    33
Invok: Heroism           |       |       |       |     2 |     7 |     4 ||    13
Evoke: Wand              |       |       |       |       |       |     1 ||     1
  Use: Potion            |       |       |     2 |     8 |       |     2 ||    12
       Scroll            |       |       |       |    19 |    12 |     1 ||    32
 Stab: Sleeping          |       |       |     2 |     4 |     5 |       ||    11
       Distracted        |       |       |     1 |     2 |     1 |       ||     4
       Paralysed         |       |       |     1 |       |       |       ||     1
  Eat: Chunk             |       |     8 |    11 |    34 |    33 |     1 ||    87
       Beef jerky        |       |     1 |     1 |       |       |     3 ||     5
       Royal jelly       |       |       |     1 |       |       |       ||     1
       Fruit             |       |       |       |     2 |     6 |     3 ||    11
